 Dungeon Crawl Stone Soup version 0.25-a0-285-gcba6f664f8 (webtiles) character file.

Game seed: 3428574814022543941, levelgen mode: deterministic

121 mopl the Sneak (level 5, -6/26 HPs)
             Began as a Vine Stalker Warper on Dec 11, 2019.
             Killed from afar by a white imp (7 damage)
             ... with a puff of frost
             ... summoned by Natasha
             ... on level 2 of the Dungeon.
             The game lasted 00:03:54 (1268 turns).

mopl the Sneak (Vine Stalker Warper)                Turns: 1268, Time: 00:03:57

Health: -6/26      AC:  4    Str: 14    XL:     5   Next: 5%
Magic:  0/9        EV: 11    Int: 13    God:
Gold:   107        SH:  0    Dex: 14    Spells: 4/8 levels left

rFire    . . .     SeeInvis .   a - +1 dagger (venom)
rCold    . . .     Gourm    .   (no shield)
rNeg     . . .     Faith    .   b - +0 leather armour
rPois    +         Spirit   +   (no helmet)
rElec    .         Reflect  .   (no cloak)
rCorr    .         Harm     .   k - +0 pair of gloves
MR       .....                  (no boots)
Stlth    ++........             (no amulet)
HPRegen  0.48/turn              c - ring of poison resistance
MPRegen  0.11/turn              (no ring)

@: slowed, heavily drained, very slow
A: fangs 2, regeneration 1, magic shield, antimagic bite, no potion heal 3, rot
immunity
a: no special abilities


You were on level 2 of the Dungeon.
You were not hungry.

You visited 1 branch of the dungeon, and saw 3 of its levels.

You collected 107 gold pieces.

Inventory:

Hand Weapons
 a - a +1 dagger of venom (weapon)
 j - a +0 short sword
Missiles
 e - 5 boomerangs of dispersal
 v - 10 poisoned darts (quivered)
Armour
 b - a +0 leather armour (worn)
 k - a +0 pair of gloves (worn)
Jewellery
 c - a ring of poison resistance (left hand)
Scrolls
 d - a scroll of blinking
 h - 3 scrolls of enchant weapon {unknown}
 l - a scroll of fear {unknown}
 o - a scroll of immolation {unknown}
 r - a scroll of magic mapping {unknown}
 s - a scroll of identify {unknown}
 u - a scroll of teleportation {unknown}
 w - a scroll of remove curse {unknown}
 x - a scroll of amnesia {unknown}
Potions
 g - a potion of curing
 i - 3 potions of ambrosia {unknown}
 m - a potion of resistance {unknown}
 n - a potion of cancellation {unknown}
 p - a potion of berserk rage {unknown}
 t - a potion of brilliance {unknown}
Comestibles
 f - 7 rations
 q - 3 chunks of flesh


   Skills:
 - Level 1.7(0.6) Fighting
 + Level 3.4(2.2) Short Blades
 - Level 0.8(0.0) Throwing
 - Level 0.7(0.0) Armour
 - Level 1.5(0.4) Dodging
 + Level 4.1(2.9) Stealth
 - Level 2.1(1.0) Spellcasting
 - Level 3.0(1.8) Translocations


You had 4 spell levels left.
You knew the following spells:

 Your Spells              Type           Power        Failure   Level  Hunger
e - Blink                 Tloc           N/A          26%         2    ###....
f - Shroud of Golubria    Chrm/Tloc      #.....       36%         2    ###....

Your spell library contained the following spells:

 Spells                   Type           Power        Failure   Level  Hunger
 Gell's Gravitas          Tloc           #.........   45%         3    ####...
 Lesser Beckoning         Tloc           #.........   45%         3    ####...
 Teleport Other           Tloc           #.......     45%         3    ####...
 Passage of Golubria      Tloc           N/A          86%         4    #####..


Dungeon Overview and Level Annotations

Branches:
Dungeon (3/15)

Altars:
Ashenzari

Annotations:
D:2 Natasha, Sigmund


Innate Abilities, Weirdness & Mutations

You have extremely sharp teeth.
Your natural rate of healing is unusually fast.
When hurt, damage is shared between your health and your magic reserves.
Your bite disrupts and absorbs the magic of your enemies.
Potions cannot restore your health.
You are immune to rotting.


Message History

You hit Sigmund.
Sigmund looks as sick as possible!
Your bite misses Sigmund.
Sigmund is heavily wounded.
Natasha stares at you and mumbles some strange words.
The magic dart hits you!
You are too injured to fight recklessly!
You are too injured to fight recklessly!
Sigmund hits you from afar with a +0 scythe!
* * * LOW HITPOINT WARNING * * *
Sigmund drinks a potion.
Sigmund is healed!
Sigmund looks more healthy.
Natasha stares at you and mumbles some strange words.
You feel yourself slow down.
Natasha mumbles some strange words.
There is a stone staircase leading up here.
Sigmund hits you from afar with a +0 scythe!
* * * LOW HITPOINT WARNING * * *
Natasha closely misses you.
The white imp shouts, "Go and return not, thou ducking saucy cross-patch!"
The white imp gestures at you. The puff of frost hits you!
You die...

.(...)..##....###..#######
.......#.....###...##### ###
...##..÷...#.###.#.....###...
.............##....<.........
.#..###.#...##...............
##..###.#........).......#.
.............##..........#...
..##....>....#.......<.......
##..............@h@......#%..
##.#..[.........5........# .
##...............).......#
...#.........#############
..##..........#
......†..##.#..#
.....###.##.....
............##### ........##.


You could see Sigmund, Natasha and a white imp.

Vanquished Creatures
  An adder (D:2)
  3 gnolls (D:2)
  2 worms (D:2)
  A dart slug (D:1)
  4 leopard geckos
  9 orcs (D:3)
  9 bats
  3 giant cockroaches
  5 goblins
  7 hobgoblins
  2 quokkas (D:2)
  4 frilled lizards
  6 kobolds
  7 rats
63 creatures vanquished.

Notes
Turn   | Place    | Note
-------+----------+-------------------------------------------
     0 | D:1      | mopl the Vine Stalker Warper began the quest for the Orb.
     0 | D:1      | Reached XP level 1. HP: 11/11 MP: 4/4
   134 | D:1      | Reached skill level 2 in Short Blades
   134 | D:1      | Reached skill level 1 in Stealth
   176 | D:1      | Reached XP level 2. HP: 15/15 MP: 6/6
   184 | D:1      | Learned a level 2 spell: Blink
   187 | D:1      | Learned a level 2 spell: Shroud of Golubria
   364 | D:1      | Reached skill level 2 in Stealth
   498 | D:2      | Noticed Sigmund
   594 | D:3      | Found a shattered altar of Ashenzari.
   635 | D:3      | Reached XP level 3. HP: 18/18 MP: 7/7
   869 | D:3      | Reached skill level 3 in Stealth
   939 | D:2      | Reached skill level 3 in Short Blades
   939 | D:2      | Gained mutation: Your natural rate of healing is unusually
                  | fast. [Vine Stalker growth]
   939 | D:2      | Reached XP level 4. HP: 10/23 MP: 6/8
  1227 | D:2      | Reached skill level 4 in Stealth
  1227 | D:2      | Reached XP level 5. HP: 22/26 MP: 5/9
  1254 | D:2      | Noticed Natasha
  1268 | D:2      | HP: 1/26 [Sigmund/+0 scythe (6)]
  1268 | D:2      | Killed from afar by a white imp

Levels and vault maps discovered:
D:1:      shiori_arrival_elements, layout_rooms, minmay_small_reverse_x
D:2:      layout_rooms, lemuel_round_altar, serial_forest,
          infiniplex_forest_zigzag_2, infiniplex_forest_end_double,
          infiniplex_forest_clump_small, infiniplex_forest_lined_corner,
          infiniplex_forest_end_double, infiniplex_forest_clump_diagonal,
          infiniplex_forest_lined_3, infiniplex_forest_end_1, first_ration,
          supply_closet_lemuel, uniq_sigmund, uniq_crazy_yiuf_cottage,
          uniq_natasha
D:3:      layout_basic, ashenzari_conservatory_becter,
          kennysheep_generic_room_12

Skill      XL: |  1  2  3  4 |
---------------+-------------+-----
Short Blades   | 2 3 |  3.4
Stealth        | 1 2 3 4 |  4.1
Fighting       | |  1.7
Throwing       | |  0.8
Armour         | |  0.7
Dodging        | |  1.5
Spellcasting   | |  2.1
Translocations | |  3.0

Action                   |  1- 3 |  4- 6 || total
-------------------------+-------+-------++-------
Melee: Short sword       |    11 |       ||    11
       Bite              |    28 |    23 ||    51
       Dagger            |    94 |    70 ||   164
 Stab: Sleeping          |     1 |     1 ||     2
  Eat: Chunk             |       |     1 ||     1
Armor: Leather armour    |    35 |    25 ||    60
Dodge: Dodged            |    61 |    30 ||    91

Table legend:
 A = Non-vault XP
 B = Vault XP
 C = Vault XP percentage of total XP
 D = Non-vault monster count
 E = Vault monster count
 F = Vault count percentage of total count
                 A         B        C        D         E       F
            +---------+---------+-------+---------+---------+-------
      Total |     167 |       6 |   3.5 |      59 |       4 |   6.3
            +---------+---------+-------+---------+---------+-------
        D:1 |      18 |       6 |  25.0 |      10 |       4 |  28.6
        D:2 |     100 |       0 |   0.0 |      27 |       0 |   0.0
        D:3 |      49 |       0 |   0.0 |      22 |       0 |   0.0
            +---------+---------+-------+---------+---------+-------
